 Seeded DCSS version 0.24-a0-509-ga1643a6 (webtiles) character file.

Game seed: 4347323467755617877

89 FraterFugae the Bolt Thrower (level 4, -3/33 HPs)
             Began as a Mummy Hunter on July 19, 2019.
             Slain by a worm (11 damage)
             ... on level 3 of the Dungeon.
             The game lasted 00:14:10 (3654 turns).

FraterFugae the Bolt Thrower (Mummy Hunter)         Turns: 3654, Time: 00:14:10

Health: -3/33      AC:  5    Str: 15    XL:     4   Next: 31%
Magic:  4/4        EV: 12    Int: 10    God:
Gold:   86         SH:  0    Dex: 13    Spells: 3/3 levels left

rFire    x . .     SeeInvis .   b - +0 short sword
rCold    + . .     Gourm    .   (no shield)
rNeg     + + +     Faith    .   c - +0 leather armour
rPois    ∞         Spirit   .   f - +2 hat
rElec    .         Reflect  .   (no cloak)
rCorr    .         Harm     .   (no gloves)
MR       .....                  (no boots)
Stlth    +.........             (no amulet)
HPRegen  0.11/turn              (no ring)
MPRegen  0.09/turn              (no ring)

@: no status effects
A: no food or potions, fire vulnerability, cold resistance 1, negative energy
resistance 3, torment resistance, unbreathing
a: no special abilities


You were on level 3 of the Dungeon.
You were not hungry.

You visited 1 branch of the dungeon, and saw 3 of its levels.

You collected 86 gold pieces.

Inventory:

Hand Weapons
 a - a +2 hand crossbow
 b - a +0 short sword (weapon)
 l - a +0 short sword
Missiles
 d - 39 bolts
 g - 47 stones (quivered)
 j - a throwing net
 o - 5 javelins
Armour
 c - a +0 leather armour (worn)
 f - a +2 hat (worn)
Jewellery
 h - an uncursed ring of protection from cold {unknown}
Scrolls
 e - 2 scrolls of enchant armour
 i - 3 scrolls of teleportation {unknown}
 k - 2 scrolls of remove curse
 m - a scroll of immolation {unknown}
 n - 3 scrolls of identify
 p - a scroll of enchant weapon


   Skills:
 - Level 2.0 Fighting
 + Level 4.8 Crossbows
 - Level 1.5 Dodging
 - Level 0.7 Stealth


You had 3 spell levels left.
You didn't know any spells.
Your spell library was empty.

Dungeon Overview and Level Annotations

Branches:
Dungeon (3/15)

Altars:


Innate Abilities, Weirdness & Mutations

You do not eat or drink.
Your flesh is vulnerable to fire.
You are immune to poison.
Your flesh is cold resistant. (rC+)
You are immune to negative energy. (rN+++)
You are immune to unholy pain and torment.
You can survive without breathing.


Message History

The orc barely misses you.
You hit the orc.
You kill the orc!
No target in view!
No target in view!
You see here a +0 short sword.
p - a scroll of enchant weapon
i - 3 scrolls labeled XELAENTUQIYD (gained 1)
A worm comes into view.
You barely miss the worm. The worm bites you.
You barely miss the worm. You hit the worm.
The worm is lightly wounded.
The worm bites you!
You barely miss the worm. The worm bites you!
* * * LOW HITPOINT WARNING * * *
You hit the worm.
The worm is lightly wounded.
The worm bites you!
You die...

##.##########
......†.....#
...########.# ...#
#.# ..## #.# ..# #.#
..# #.# # ..#
#.######## .##.# +
#.....@w.##.....#
#.######.......#
##.#### #.###.#.#
##...).# #.#
####...##.###w###...
+......[............)
####..........####...
##.##...##.#
##.....##.#


You could see a worm.

Vanquished Creatures
  An adder (D:2)
  2 worms (D:2)
  2 dart slugs
  3 leopard geckos
  An orc (D:3)
  6 giant cockroaches
  4 goblins
  10 hobgoblins
  4 jackals (D:1)
  8 kobolds
  10 bats
  4 frilled lizards
  7 rats
62 creatures vanquished.

Notes
Turn   | Place    | Note
-------+----------+-------------------------------------------
     0 | D:1      | FraterFugae the Mummy Hunter began the quest for the Orb.
     0 | D:1      | Reached XP level 1. HP: 16/16 MP: 1/1
  1080 | D:1      | Reached XP level 2. HP: 20/22 MP: 2/2
  1519 | D:1      | Reached skill level 4 in Crossbows
  1616 | D:1      | Reached XP level 3. HP: 23/27 MP: 3/3
  2863 | D:2      | Reached XP level 4. HP: 26/33 MP: 4/4
  3654 | D:3      | Slain by a worm

Levels and vault maps discovered:
D:1:      saegor_arrival_simple_d, layout_loops_ring,
          chequers_serial_rivers_small_a, minmay_cupped
D:2:      layout_loops_ring, kennysheep_generic_room_2
D:3:      layout_loops_corners, lemuel_doored_altar, nicolae_ru_awakened_eye,
          tgw_xom

Skill      XL: |  1  2 |
---------------+-------+-----
Crossbows      | 4 |  4.8
Fighting       | |  2.0
Dodging        | |  1.5
Stealth        | |  0.7

Action                   |  1- 3 |  4- 6 || total
-------------------------+-------+-------++-------
Melee: Short sword       |   256 |    69 ||   325
 Fire: Hand crossbow     |     9 |     2 ||    11
Throw: Stone             |    10 |       ||    10
  Use: Scroll            |     3 |       ||     3
 Stab: Distracted        |     1 |       ||     1
       Sleeping          |     1 |       ||     1
Armor: Leather armour    |   135 |    27 ||   162
Dodge: Dodged            |   232 |    59 ||   291

Table legend:
 A = Non-vault XP
 B = Vault XP
 C = Vault XP percentage of total XP
 D = Non-vault monster count
 E = Vault monster count
 F = Vault count percentage of total count
                 A         B        C        D         E       F
            +---------+---------+-------+---------+---------+-------
      Total |     117 |      11 |   8.6 |      57 |       5 |   8.1
            +---------+---------+-------+---------+---------+-------
        D:1 |      61 |       3 |   4.7 |      34 |       2 |   5.6
        D:2 |      46 |       8 |  14.8 |      18 |       3 |  14.3
        D:3 |      10 |       0 |   0.0 |       5 |       0 |   0.0
            +---------+---------+-------+---------+---------+-------
